 Dungeon Crawl Stone Soup version 0.27.0-1-g7a089689b8 (webtiles) character file.

Game seed: 2455305370231740415

258 PentaManta the Insei (level 6, -11/43 HPs)
             Began as a Merfolk Transmuter on Aug 13, 2021.
             Mangled by an ogre (31 damage)
             ... on level 3 of the Dungeon.
             The game lasted 00:08:51 (4404 turns).

PentaManta the Insei (Merfolk Transmuter)           Turns: 4404, Time: 00:08:51

Health: -11/43     AC:  2    Str: 10    XL:     6   Next: 16%
Magic:  10/10      EV: 12    Int: 15    God:
Gold:   152        SH:  0    Dex: 14    Spells: 1/11 levels left

rFire    . . .     SeeInvis .     - Unarmed
rCold    . . .     Faith    .   (no shield)
rNeg     . . .     Spirit   .   a - +0 robe
rPois    .         Reflect  .   (no helmet)
rElec    .         Harm     .   (no cloak)
rCorr    .         Rampage  .   (no gloves)
Will     .....                  (no boots)
Stlth    +.........             (no amulet)
HPRegen  0.14/turn              j - ring of wizardry
MPRegen  0.12/turn              (no ring)

@: no status effects
A: (nimble swimmer 2), mertail
a: no special abilities


You were on level 3 of the Dungeon.
You visited 1 branch of the dungeon, and saw 4 of its levels.

You collected 152 gold pieces.

Inventory:

Missiles
 e - 2 boomerangs (quivered)
 g - 30 poisoned darts
Armour
 a - a +0 robe (worn)
 o - a +0 ring mail
 q - a +0 leather armour
Jewellery
 b - a ring of fire
 h - an amulet of guardian spirit
 j - a ring of wizardry (left hand)
Wands
 n - a wand of acid (9)
Scrolls
 c - a scroll of amnesia {unknown}
 f - a scroll of silence {unknown}
 i - a scroll of immolation {unknown}
 l - a scroll of enchant weapon {unknown}
 p - a scroll of brand weapon {unknown}
 r - a scroll of torment {unknown}
Potions
 d - 2 potions of haste {unknown}
 k - a potion of curing {unknown}
 m - a potion of invisibility {unknown}


   Skills:
 - Level 1.1 Fighting
 - Level 2.6 Dodging
 + Level 4.7 Unarmed Combat
 - Level 3.0 Spellcasting
 - Level 4.0 Transmutations
 * Level 3.8 Poison Magic


You had one spell level left.
You knew the following spells:

 Your Spells              Type           Power      Damage    Failure   Level
a - Beastly Appendage     Tmut           28%        N/A       1%          1
b - Spider Form           Tmut/Pois      7%         N/A       4%          3
c - Wereblood             Tmut           14%        N/A       2%          2
d - Ice Form              Ice/Tmut       8%         N/A       32%         4

Your spell library contained the following spells:

 Spells                   Type           Power      Damage    Failure   Level
 Inner Flame              Hex/Fire       2%         N/A       24%         3
 Cause Fear               Hex            1%         N/A       58%         4
 Discord                  Hex            1%         N/A       100%        8


Dungeon Overview and Level Annotations

Branches:
Dungeon (4/15)
 Temple: D:4-7

Altars:

Annotations:
D:4 Eustachio


Innate Abilities, Weirdness & Mutations

((You are quick and stealthy near water. (Stealth+, EV+, Speed+++)))
Your lower body shifts to a powerful aquatic tail in water.


Message History

There is an open door here.
Your transformation is almost over.
Your horns disappear.
r - a scroll labelled FIKLIX XAMEI You open the door.
There is an open door here.
There is an open door here.
You open the door.
There is an open door here.
There is an open door here.
Found 14 arrows.
Eustachio the Magnificent comes into view.
He is wielding a +0 rapier.
There is an open door here.
A goblin comes into view. It is wielding a +0 dagger.
The goblin shouts!
You hear a shout!
An ogre comes into view. It is wielding a +0 giant spiked club.
The goblin barely misses you.
Found a smoky cyan potion.
You hit the ogre but do no damage. The ogre closely misses you.
You hit the ogre.
The ogre is moderately wounded.
The goblin hits you with a +0 dagger.
The ogre hits you with a +0 giant spiked club!
You hit the ogre.
The ogre is moderately wounded.
The goblin barely misses you.
There is an open door here.
There is an open door here.
There is an open door here.
You see here 21 arrows.
There is a stone staircase leading up here.
The ogre hits you with a +0 giant spiked club.
You climb upwards.
There is a stone staircase leading down here.
The ogre closely misses you.
You see here 22 stones.
The ogre hits you with a +0 giant spiked club!
The ogre hits you with a +0 giant spiked club!!
Ouch! That really hurt!
You die...

#### ####..# #######..#..#####
#### #...##.P.#..##..# ####..#
#...#..P.#..##..##.P.##..#
#...#....#..##..#.....#..#
#...######......# #..#
#............@..#######..#####
#######.####..O.......#.......
#####.## #............##....
##......###.................(
##........##[..........###....
#..........#...............##.
#..........#..........####..#.
#<.........#..........# ##.#.
#....).....####.####### #.<.


You could see an ogre.

Vanquished Creatures
  A water moccasin skeleton (D:3)
  A bullfrog skeleton (D:3)
  Ijyb (D:3)
  4 adders
  5 dart slugs
  2 orcs
  11 bats
  8 endoplasms
  4 giant cockroaches
  10 goblins
  7 hobgoblins
  14 jackals
  9 kobolds
  A quokka (D:2)
  8 ball pythons
  6 frilled lizards
  6 rats
98 creatures vanquished.

Notes
Turn   | Place    | Note
-------+----------+-------------------------------------------
     0 | D:1      | PentaManta the Merfolk Transmuter began the quest for the
                  | Orb.
     0 | D:1      | Reached XP level 1. HP: 15/15 MP: 3/3
   207 | D:1      | Reached XP level 2. HP: 1/21 MP: 5/5
   214 | D:1      | HP: 1/21 [bat (1)]
   542 | D:1      | Found a faded altar of an unknown god.
   618 | D:1      | Reached XP level 3. HP: 14/26 MP: 3/6
   622 | D:1      | Learned a level 3 spell: Spider Form
   625 | D:1      | Learned a level 2 spell: Wereblood
  1446 | D:2      | Reached skill level 1 in Poison Magic
  1469 | D:2      | Reached XP level 4. HP: 5/32 MP: 7/7
  3099 | D:3      | Reached XP level 5. HP: 24/37 MP: 9/9
  3510 | D:3      | Noticed Ijyb
  3524 | D:3      | Killed Ijyb
  3717 | D:3      | Reached XP level 6. HP: 28/43 MP: 10/10
  4099 | D:4      | Learned a level 4 spell: Ice Form
  4298 | D:4      | Noticed Eustachio
  4404 | D:3      | Mangled by an ogre

Illustrated notes

Levels and vault maps discovered:
D:1:      minmay_arrival_five_plusses, layout_rooms,
          ebering_ecumenical_altar_ruins
D:2:      layout_basic, kennysheep_crisscross, kennysheep_generic_room_6
D:3:      layout_rooms, serial_aquarium, aquarium_bridge_long_separate
          [aquarium_subvault_bridge, aquarium_subvault_wall,
          aquarium_subvault_bridge, aquarium_subvault_wall,
          aquarium_subvault_bridge, aquarium_subvault_wall], aquarium_window_1,
          aquarium_window_corner, aquarium_window_fake, aquarium_view_2e,
          aquarium_view_4, aquarium_pool_split, uniq_ijyb
D:4:      layout_basic, uniq_eustachio, uniq_natasha

Skill      XL: |  1  2  3  4  5 |
---------------+----------------+-----
Transmutations | 3 4 |  4.0
Unarmed Combat | 4 |  4.7
Poison Magic   | 1 2 3 |  3.8
Spellcasting   | 3 |  3.0
Fighting       | |  1.1
Dodging        | |  2.6

Action                   |  1- 3 |  4- 6 || total
-------------------------+-------+-------++-------
Melee: Unarmed           |   127 |   171 ||   298
       Headbutt          |    12 |    18 ||    30
       Punch             |     1 |       ||     1
Throw: Boomerang         |       |     2 ||     2
 Cast: Beastly Appendage |    15 |    32 ||    47
       Wereblood         |     1 |     2 ||     3
       Spider Form       |       |     1 ||     1
 Stab: Sleeping          |       |     1 ||     1
Armor: Robe              |    34 |    12 ||    46
       Skin              |       |     1 ||     1
Dodge: Dodged            |   108 |   100 ||   208
